 Dungeon Crawl Stone Soup version 0.20.0-15-g7f486f2 (webtiles) character file.

93 vishdafish the Shield-Bearer (level 4, -2/29 HPs)
             Began as a Gargoyle Fighter on July 1, 2017.
             Killed from afar by Natasha (5 damage)
             ... with a magic dart
             ... on level 2 of the Dungeon.
             The game lasted 00:01:35 (1496 turns).

vishdafish the Shield-Bearer (Gargoyle Fighter)     Turns: 1496, Time: 00:01:35

Health: -2/29      AC: 10    Str: 21    XL:     4   Next: 61%
Magic:  4/4        EV:  7    Int:  8    God:
Gold:   110        SH:  9    Dex:  9    Spells: 3/3 levels left

rFire    . . .     SeeInvis .   a - +0 flail
rCold    . . .     Gourm    .   c - +0 shield
rNeg     + . .     Faith    .   b - +0 scale mail
rPois    ∞         Spirit   .   (no helmet)
rElec    +         Reflect  .   (no cloak)
rCorr    .         Harm     .   (no gloves)
MR       .....                  (no boots)
Stlth    ..........             (no amulet)
Regen    0.1/turn               (no ring)
MPRegen  0.1/turn               (no ring)

@: slowed, very slow
A: negative energy resistance 1, electricity resistance, unbreathing,
petrification resistance, rot immunity, AC +3
a: no special abilities


You were on level 2 of the Dungeon.
You were not hungry.

You visited 1 branch of the dungeon, and saw 2 of its levels.

You collected 110 gold pieces.

Inventory:

Hand Weapons
 a - a +0 flail (weapon)
Armour
 b - a +0 scale mail (worn)
 c - a +0 shield (worn)
Scrolls
 e - 3 scrolls of magic mapping {unknown}
 g - a scroll of blinking {unknown}
 h - a scroll of remove curse {unknown}
 i - a scroll of enchant armour {unknown}
 k - 2 scrolls of amnesia {unknown}
 m - 2 scrolls of noise {unknown}
 n - a scroll of immolation {unknown}
Potions
 d - a potion of might
 l - a potion of haste {unknown}
Comestibles
 f - 2 bread rations
 j - a meat ration


   Skills:
 + Level 3.7 Fighting
 + Level 3.3 Maces & Flails
 + Level 3.5 Armour
 + Level 0.8 Dodging
 + Level 0.2 Stealth
 + Level 4.0 Shields


You had 3 spell levels left.
You didn't know any spells.

Dungeon Overview and Level Annotations

Branches:
Dungeon (2/15)

Altars:
Ru

Annotations:
D:2 1 runed door, Natasha, Robin


Innate Abilities, Weirdness & Mutations

You are resistant to torment.
Your stone body is resilient. (AC +3)
You are immune to poison.
You resist negative energy. (rN+)
You are resistant to electric shocks. (rElec)
You can survive without breathing.
You are immune to petrification.
You are immune to rotting.


Message History

a club; a whip; a hobgoblin corpse; an adder corpse You closely miss Natasha.
Natasha stares at you and mumbles some strange words.
You feel yourself slow down. Robin hits you but does no damage.
Natasha zaps a wand.
The puff of flame hits you!
Your shield and scale mail prevent you from hitting Natasha.
The goblin shouts!
Robin hits you but does no damage.
Natasha zaps a wand.
The puff of flame hits you! Robin hits you but does no damage.
The white imp grinds its teeth.
Natasha claws you but does no damage.
Your shield prevents you from hitting Natasha.
Robin throws the goblin at you!
Natasha zaps a wand.
The puff of flame hits you!
* * * LOW HITPOINT WARNING * * *
You block the goblin's attack. You block Robin's attack.
You hit Natasha but do no damage. Natasha casts a spell at you.
The magic dart hits you!
You die...

+...................÷......
#.......#.............#.###
#######.......#.............#.#
##...#####......#'#.#####.###.#
##...# #.≈≈≈..#.#........##.#
##...# #.≈$≈.#..#..#.##..##.#
##...# #.≈≈≈....#..#..#.....###
##...#####..ggg####..#.###.......
('..((.....gg5gh@g....###........
##...#..############.#..##.......
##...##.## #.............
#...#...# ##'###...###..
#####..## ####.# ##### #.. #....#
#....# #.. ♣....♣ #.#### #..
♣..P♣♣ #.# ### ♣♣.♣♣ #.#


You could see Robin, Natasha, a white imp, a hobgoblin and 5 goblins.

Vanquished Creatures
  Natasha (twice) (D:2)
  2 adders (D:2)
  3 giant cockroaches (D:1)
  4 goblins (D:1)
  4 hobgoblins
  5 bats (D:1)
  5 frilled lizards (D:1)
  3 kobolds
  3 rats (D:1)
31 creatures vanquished.

Notes
Turn   | Place    | Note
-------+----------+-------------------------------------------
     0 | D:1      | vishdafish the Gargoyle Fighter began the quest for the Orb.
     0 | D:1      | Reached XP level 1. HP: 14/14 MP: 1/1
   166 | D:1      | Reached XP level 2. HP: 19/19 MP: 2/2
   742 | D:1      | Reached XP level 3. HP: 23/23 MP: 3/3
   975 | D:2      | Noticed Natasha
   992 | D:2      | Killed Natasha
   992 | D:2      | Reached XP level 4. HP: 8/28 MP: 4/4
  1185 | D:2      | Noticed Natasha
  1194 | D:2      | Killed Natasha
  1290 | D:2      | Found a sacrificial altar of Ru.
  1436 | D:2      | Found a runed door.
  1459 | D:2      | Noticed Natasha
  1460 | D:2      | Noticed Robin
  1490 | D:2      | Reached skill level 4 in Shields
  1496 | D:2      | Killed from afar by Natasha

Skill      XL: |  1  2  3  4 |
---------------+-------------+-----
Maces & Flails | 3 |  3.3
Shields        | 4 |  4.0
Fighting       | |  3.7
Armour         | |  3.5
Dodging        | |  0.8
Stealth        | |  0.2

Action                   |  1- 3 |  4- 6 || total
-------------------------+-------+-------++-------
Melee: Flail             |   119 |    20 ||   139
  Eat: Chunk             |       |     2 ||     2
Armor: Scale mail        |    64 |    14 ||    78
Dodge: Dodged            |    30 |     4 ||    34
Block: Shield            |    59 |    14 ||    73
